AoeStats
← KG.专业开脑壳

Fortress

507927106Analyzed
3v3 RM · 11d ago on Sep 20, 2026· 43m 16s· 6 players
Game mode
Random Map
Map size
Large (8 player)
Population
200
Speed
Normal
Resources
Standard
Victory
Conquest
Starting age
Dark Age
Ending age
Imperial Age
RankedLock teamsTeams togetherTeam positionsShared explorationLock speedFull tech treeHidden civsTurbo modeCheats
Victory
Defeat
🇹🇼 Celts · Taiwan
1255
+13
🇹🇼 Khmer · Taiwan
1213
+14
🇹🇼 Huns · Taiwan
1047
+21
🇹🇷 Burgundians · Türkiye
1196
-17
🇬🇧 Turks · United Kingdom
1171
-16
🇨🇳 Italians · China
1156
-15
PatCrespo
8:14 Feudal Age
12:52 Castle Age
10:38 Double-Bit Axe
10:35 Horse Collar
12:05 Gold Mining
18:29 Imperial Age
17:12 Padded Archer Armor
18:58 Bow Saw
23:20 Wheelbarrow
24:10 Leather Archer Armor
25:46 Ring Archer Armor
29:52 Hand Cart
29:39 Heavy Plow
30:42 Two-Man Saw
30:44 Conscription
34:13 Loom
35:20 Heavy Camel Rider
36:11 Bloodlines
36:01 Husbandry
37:18 Scale Barding Armor
37:23 Forging
38:12 Town Watch
39:53 Iron Casting
40:39 Caravan
42:06 Chain Barding Armor
42:46 Blast Furnace
CorumluTony
6:18 Feudal Age
5:23 Double-Bit Axe
6:01 Horse Collar
7:15 Bow Saw
10:27 Loom
12:57 Castle Age
11:50 Scale Barding Armor
12:33 Forging
13:05 Heavy Plow
13:18 Gold Mining
13:56 Husbandry
15:28 Iron Casting
18:02 Chain Barding Armor
21:13 Wheelbarrow
26:06 Imperial Age
23:56 Hand Cart
24:40 Fletching
24:51 Padded Archer Armor
26:05 Burgundian Vineyards
25:34 Pikeman
26:15 Squires
27:02 Town Watch
28:22 Chemistry
27:44 Conscription
29:05 Ballistics
29:06 Leather Archer Armor
30:50 Caravan
32:07 Plate Barding Armor
32:34 Blast Furnace
32:39 Light Cavalry
35:36 Bodkin Arrow
35:42 Scale Mail Armor
38:46 Elite Coustillier
39:50 Town Patrol
39:43 Stone Mining
40:28 Gold Shaft Mining
41:02 Two-Man Saw
41:04 Cavalier
42:22 Halberdier
42:49 Arson
43:27 Chain Mail Armor
43:14 Bracer
KG.专业开脑壳
6:46 Feudal Age
10:35 Castle Age
9:00 Double-Bit Axe
9:04 Horse Collar
10:26 Loom
11:55 Bow Saw
13:48 Wheelbarrow
20:39 Gold Mining
21:52 Heavy Plow
25:15 Imperial Age
23:38 Hand Cart
23:18 Town Watch
24:06 Padded Archer Armor
24:16 Fletching
24:50 Town Patrol
25:59 Leather Archer Armor
25:46 Stone Mining
26:29 Ballistics
26:28 Thumb Ring
27:24 Ring Archer Armor
26:50 Bodkin Arrow
28:47 Chemistry
29:04 Conscription
30:18 Two-Man Saw
29:53 Crop Rotation
29:48 Bracer
29:30 Elite Genoese Crossbowman
30:34 Scale Barding Armor
30:39 Forging
29:52 Light Cavalry
31:29 Hussar
35:42 Chain Barding Armor
37:07 Plate Barding Armor
37:58 Iron Casting
37:36 Bloodlines
閒雲野鶴
1:07 Loom
8:53 Feudal Age
10:01 Double-Bit Axe
11:33 Wheelbarrow
10:43 Horse Collar
13:38 Gold Mining
16:25 Castle Age
15:05 Forging
15:52 Padded Archer Armor
16:07 Bloodlines
17:21 Bow Saw
17:23 Husbandry
36:32 Heavy Plow
42:12 Iron Casting
43:02 Hand Cart
46:01 Imperial Age
賀翔
0:31 Loom
6:59 Feudal Age
11:30 Castle Age
10:39 Double-Bit Axe
10:45 Horse Collar
14:14 Bow Saw
15:18 Wheelbarrow
16:38 Stone Mining
19:24 Hand Cart
22:41 Light Cavalry
23:32 Bloodlines
23:22 Husbandry
26:52 Imperial Age
25:09 Town Watch
26:13 Forging
26:09 Scale Barding Armor
28:03 Conscription
27:29 Hussar
30:41 Iron Casting
30:27 Chain Barding Armor
30:42 Gold Mining
34:04 Blast Furnace
34:52 Plate Barding Armor
34:09 Fletching
35:22 Chemistry
34:51 Tusk Swords
37:03 Ballistics
36:49 Siege Engineers
38:54 Heavy Plow
39:48 Double Crossbow
41:01 Elite Battle Elephant
42:41 Heavy Scorpion
東
2:21 Loom
8:31 Feudal Age
10:21 Double-Bit Axe
13:31 Castle Age
11:14 Horse Collar
15:06 Bow Saw
15:27 Heavy Plow
16:05 Wheelbarrow
20:33 Town Watch
22:03 Hand Cart
23:39 Gold Mining
23:39 Stone Mining
27:17 Imperial Age
24:34 Pikeman
26:02 Scale Mail Armor
26:12 Forging
27:11 Chain Mail Armor
27:53 Ballistics
28:12 Iron Casting
28:33 Gold Shaft Mining
28:13 Halberdier
28:19 Heavy Scorpion
29:24 Conscription
30:53 Chemistry
30:29 Plate Mail Armor
31:39 Blast Furnace
30:47 Siege Engineers
32:36 Fortified Wall
32:21 Murder Holes
32:37 Masonry
33:21 Furor Celtica
35:44 Caravan
36:03 Capped Ram
36:36 Arson
36:38 Treadmill Crane
36:44 Arrowslits
37:34 Siege Ram
41:19 Hoardings
42:53 Stronghold
42:30 Onager
Connection lost

Rejoining the realm…

Still unreachable

The connection could not be restored.

Session expired

The server has moved on; the page needs a fresh start.